 Dungeon Crawl Stone Soup version 0.30.1-9-gdf580d7c3d (webtiles) character file.

Game seed: 2225172913190506447

99369 wer000g the Severer (level 16, -19/134 HPs)
             Began as a Formicid Fighter on Oct 25, 2023.
             Was an Initiate of Ignis.
             Demolished by Donald
             ... wielding a +2 heavy broad axe
              (27 damage)
             ... on level 1 of the Swamp.
             The game lasted 03:20:48 (23920 turns).

wer000g the Severer (Formicid Fighter)             Turns: 23920, Time: 03:20:48

Health: -19/134    AC: 18    Str: 28    XL:     16   Next: 76%
Magic:  0/23       EV:  9    Int:  9    God:    Ignis [......]
Gold:   2310       SH: 16    Dex: 13    Spells: 21/25 levels left

rFire   + + +        M - +3 executioner's axe (elec)
rCold   + . .        b - +4 kite shield
rNeg    . . .        J - +4 scale mail of Honour {-Tele rPois rC+}
rPois   +            (helmet unavailable)
rElec   .            f - +0 cloak
rCorr   .            g - +0 pair of gloves
SInv    +            q - +0 pair of boots {Fly}
Will    +....        P - amulet of guardian spirit Stlth
                     X - ring of protection from fire
HPRegen 0.42/turn    d - ring of protection from fire
MPRegen 0.18/turn

%: guardian spirit
@: flying, studying Transmutations
A: permanent stasis, dig shafts and tunnels, antennae 3, four strong arms
a: Dig, Shaft Self, Renounce Religion


You were on level 1 of the Swamp.
You worshipped Ignis.
Ignis was noncommittal.
You visited 5 branches of the dungeon, and saw 24 of its levels.
You also visited: Ossuary and Bailey.

You collected 2867 gold pieces.
You spent 557 gold pieces at shops.

Inventory:

Hand Weapons
 M - a +3 executioner's axe of electrocution (weapon)
Missiles
 H - 8 boomerangs (quivered)
Armour
 b - a +4 kite shield (worn)
 f - a +0 cloak (worn)
 g - a +0 pair of gloves (worn)
 q - a +0 pair of boots of flying (worn)
 J - the +4 scale mail of Honour (worn) {-Tele rPois rC+}
   (You found it on level 11 of the Dungeon)

   rC:        It protects you from cold.
   rPois:     It protects you from poison.
   -Tele:     It prevents most forms of teleportation.
Jewellery
 c - the amulet "Hyvoun" {RegenMP Harm *Slow Slay+2}
   (You found it on level 4 of the Lair of Beasts)

   [amulet of magic regeneration]

   It increases your rate of magic regeneration.
   Slay:      It affects your accuracy & damage with ranged weapons and melee
   (+2).
   *Slow:     It may slow you when you take damage.
   Harm:      It increases damage dealt and taken.
 d - a ring of protection from fire (right hand)
 e - a ring of magical power
 n - a ring of flight
 w - a ring of poison resistance
 I - a +4 ring of slaying
 P - an amulet of guardian spirit (around neck)
 R - a ring of ice
 S - an amulet of reflection
 X - a ring of protection from fire (left hand)
 Z - a ring of protection from cold
Wands
 l - a wand of acid (12)
 C - a wand of flame (43)
 D - a wand of mindburst (27)
 L - a wand of paralysis (4)
 W - a wand of polymorph (2)
 Y - a wand of iceblast (5)
Scrolls
 a - a scroll of magic mapping
 j - 2 scrolls of vulnerability
 x - 2 scrolls of brand weapon {unknown}
 A - 4 scrolls of enchant armour
 E - 9 scrolls of identify
 K - a scroll of silence
 O - 4 scrolls of fog
 Q - 2 scrolls of immolation {unknown}
 T - a scroll of acquirement
 U - a scroll of poison
 V - 8 scrolls of fear
Potions
 h - 2 potions of lignification
 i - 5 potions of ambrosia
 k - 3 potions of resistance
 m - a potion of might
 o - 2 potions of brilliance
 p - 4 potions of cancellation
 r - 5 potions of attraction
 t - a potion of invisibility
 u - 6 potions of mutation
 v - 4 potions of heal wounds
 z - 9 potions of flight
 B - 8 potions of curing
 F - a potion of berserk rage {unknown}
Miscellaneous
 s - a lightning rod (4/4)
 y - a tin of tremorstones (2/2)
 G - a phial of floods
 N - a phantom mirror


   Skills:
 + Level 14.7 Fighting
 + Level 16.9 Axes
 + Level 11.6 Throwing
 + Level 12.7 Armour
 + Level 12.3 Shields
 - Level 5.0 Spellcasting
 + Level 5.8 Hexes


You had 21 spell levels left.
You knew the following spells:

 Your Spells              Type           Power      Damage    Failure   Level
a - Slow                  Hex            48%        N/A       6%          1
b - Confusing Touch       Hex            12%        N/A       19%         3

Your spell library contained the following spells:

 Spells                   Type           Power      Damage    Failure   Level
 Dazzling Flash           Conj/Hex       14%        N/A       52%         3
 Inner Flame              Hex/Fire       7%         N/A       52%         3
 Summon Guardian Golem    Hex/Summ       7%         N/A       52%         3
 Foxfire                  Conj/Fire      8%         2x1d4     54%         1
 Sting                    Tmut/Pois      8%         1d3       54%         1
 Summon Small Mammal      Summ           8%         N/A       54%         1
 Call Imp                 Summ           4%         N/A       69%         2
 Cigotuvi's Dreadful Rot  Necr/Pois/Air  4%         N/A       69%         2
 Lesser Beckoning         Tloc           4%         N/A       69%         2
 Momentum Strike          Conj/Tloc      4%         3d8       69%         2
 Poisonous Vapours        Pois/Air       4%         N/A       69%         2
 Scorch                   Fire           4%         2d5       69%         2
 Call Canine Familiar     Summ           2%         N/A       89%         3
 Hailstorm                Conj/Ice       2%         3d3       89%         3
 Mephitic Cloud           Conj/Pois/Air  2%         N/A       89%         3
 Vampiric Draining        Necr           2%         2d6       89%         3
 Volatile Blastmotes      Fire/Tloc      4%         2d10      89%         3
 Metabolic Englaciation   Hex/Ice        3%         N/A       99%         5
 Dispel Undead            Necr           2%         3d7       100%        4
 Flame Wave               Conj/Fire      2%         2d4       100%        4
 Iskenderun's Mystic Bla  Conj/Tloc      2%         2d3       100%        4
 Olgreb's Toxic Radiance  Pois           2%         N/A       100%        4
 Petrify                  Tmut/Erth      2%         N/A       100%        4
 Sticky Flame             Conj/Fire      2%         2d3       100%        4
 Arcjolt                  Conj/Air       1%         1d11      100%        5
 Fireball                 Conj/Fire      1%         3d3       100%        5
 Freezing Cloud           Conj/Ice/Air   1%         6-21      100%        5
 Death Channel            Necr           1%         N/A       100%        6
 Plasma Beam              Fire/Air       1%         2x1d12    100%        6
 Starburst                Conj/Fire      1%         6d3       100%        6
 Statue Form              Tmut/Erth      1%         N/A       100%        6
 Chain Lightning          Conj/Air       1%         3d1       100%        9
 Fire Storm               Conj/Fire      1%         7d1       100%        9
 Polar Vortex             Ice            1%         N/A       100%        9
 Shatter                  Erth           1%         3d5*      100%        9
 Blink                    Tloc           Unusable   N/A       N/A         2
 Vhi's Electric Charge    Tloc/Air       Unusable   N/A       N/A         3

Dungeon Overview and Level Annotations

Branches:
Dungeon (15/15)            Temple (1/1) D:5            Lair (5/5) D:10
  Swamp (1/4) Lair:3       Spider (0/4) Lair:3        Slime (0/5) Lair:4
    Orc (2/2) D:9             Elf (0/3) Orc:2        Vaults (0/5) D:13
Ossuary (visited)          Bailey (visited)
 Depths: D:15

Altars:
Ashenzari
Cheibriados
Dithmenos
Elyvilon
Fedhas
Gozag
Hepliaklqana
Kikubaaqudgha
Makhleb
Nemelex Xobeh
Okawaru
Qazlal
Ru
Sif Muna
Trog
Uskayaw
Vehumet
Wu Jian
Xom
Yredelemnul
Zin
The Shining One
Ignis
Jiyva

Shops:
Orc:2 =(*:

Portals:
Trove: D:13 (give 18 potions of curing)

Annotations:
Lair:1 3 runed translucent doors, kalagan's ghost, journeyman DECj
Lair:2 2 transporters, Beranek's ghost, journeyman GrFi
Swamp:1 Donald


Innate Abilities, Weirdness & Mutations

You cannot be hasted, slowed, berserked, paralysed or teleported.
You can dig through walls and to a lower floor.
You have a pair of large antennae on your head. (SInv)
Your four strong arms can wield two-handed weapons with a shield.


Message History

Donald blocks your attack.
Donald is heavily wounded.
The swamp worm fires a harpoon shot at you.
The harpoon shot hits you!!
You are yanked forward by the harpoon shot.
Donald hits you but does no damage. Donald blocks your attack.
Donald is heavily wounded.
You miss the swamp worm.
The swamp worm bites you but does no damage.
You block Donald's attack. You block the swamp worm's attack.
You slice Donald!!
Donald is almost dead.
You hit the swamp worm. You block Donald's attack. The swamp worm bites you!
Donald blocks your attack.
Donald is severely wounded.
You slice the swamp worm!!
Lightning courses through the swamp worm!
You block Donald's attack. You block the swamp worm's attack.
You slash Donald!
Donald is almost dead.
You closely miss the swamp worm.
Donald hits you with a +2 heavy broad axe!!!
* * * LOW HITPOINT WARNING * * *
The swamp worm bites you but does no damage.
Donald blocks your attack.
Donald is almost dead.
You closely miss the swamp worm.
Donald is no longer covered in acid.
You block Donald's attack.
The swamp worm bites you but does no damage.
The swamp worm bites you!
* * * LOW HITPOINT WARNING * * *
Donald makes a rude gesture at you. You block Donald's attack.
You hit Donald.
Donald is almost dead.
You slice the swamp worm!!
You kill the swamp worm!
Donald hits you with a +2 heavy broad axe!!
You die...

♣ ♣ ~~.~~ ...♣♣ ♣ ~?...
♣~...♣♣ ♣ .~~..♣ ♣..~..♣♣
♣♣♣♣♣♣ .~~~.~♣~....~.♣
♣~..~♣ .~~~..♣♣.§~~~.♣
..~~.♣♣ ♣.....~..~~~♣
..~~§~♣ #~~..~..♣
~>...♣♣♣ #~~.@@§.♣♣
~......♣ ♣♣##.~§~..~.♣
~~~.~~.♣♣♣..#.~~~~...♣
~~~~~~~.♣..##.†~~~♣♣♣♣
~~~~~~.~....#...♣♣♣♣♣
~~~~~~~....#.....♣♣.♣♣
~~.~###.###.#######..♣♣♣
~...~.###########.##...♣♣
.~...§~....#.....~~.~~~.♣


You could see Donald (fast, strong, reflecting).

Vanquished Creatures
  A thorn hunter (Swamp:1)
  Gastronok (Lair:2)
  Kirke (Lair:3)
  An orc warlord (Orc:1)
  An ironbound preserver (D:13)
  An eleionoma (Swamp:1)
  2 bunyips (Swamp:1)
  Azrael (D:14)
  The ghost of Nozidakh the Eclecticist, a journeyman DECj of Sif Muna (D:14)
  A fire dragon (Lair:5)
  Fannar (Lair:1)
  Erolcha (D:11)
  2 catoblepae (Lair:5)
  2 ogre magi (Orc:2)
  6 centaur warriors
  3 hydras
  3 boulder beetles
  14 two-headed ogres
  Urug (Lair:4)
  A dancing weapon (D:14)
  An orc high priest (Orc:2)
  Nergalle (D:10)
  A skyshark (Lair:5)
  A fire crab (shapeshifter) (D:14)
  A goliath frog (Swamp:1)
  Sonja (Lair:3)
  2 deep trolls
  2 wizards
  2 bog bodies (Lair:3)
  An orc knight (Orc:1)
  2 lindwurms
  2 deep elf pyromancers (D:13)
  An oklob plant (Lair:2)
  3 orc sorcerers
  3 cyclopes
  6 black mambas
  5 ugly things
  A manticore (D:12)
  22 elephants
  2 molten gargoyles (Lair:5)
  A torpor snail (Lair:5)
  10 cane toads
  2 gargoyles
  An unseen horror (shapeshifter) (D:13)
  3 unseen horrors
  5 kobold demonologists
  5 rime drakes
  10 komodo dragons
  13 trolls
  A freezing wraith (D:14)
  A bloated husk (Swamp:1)
  A tyrant leech (Swamp:1)
  4 hornets
  3 meliai (D:13)
  A polar bear (Lair:1)
  7 dream sheep
  17 blink frogs
  2 spriggans (Swamp:1)
  3 vampires
  6 slime creatures
  40 yaks
  A wraith (D:12)
  2 shadows
  4 wyverns
  4 hogs (Lair:3)
  3 basilisks
  2 steam dragons
  2 fire elementals (D:14)
  16 vampire mosquitoes
  5 acid dragons
  2 wargs (Orc:1)
  9 swamp worms
  11 water moccasins
  Duvessa (D:6)
  19 orc warriors
  6 hell hounds
  3 black bears
  3 ice beasts
  A sky beast (D:7)
  9 boggarts (D:14)
  26 ogres
  A centaur (D:14)
  6 wolves
  3 phantoms
  2 kobold brigands
  8 scorpions
  2 gnoll sergeants
  17 bullfrogs
  5 water moccasin zombies (Ossuary)
  16 wights
  Dowan (D:6)
  6 killer bees (D:9)
  7 howler monkeys
  5 electric eels
  5 lava snakes (Lair:5)
  16 jellies
  21 orc priests
  3 gnoll boudas
  3 hounds
  6 hell rats
  4 iguanas
  15 orc wizards
  Terence (D:3)
  2 mummies (Ossuary)
  Robin (D:3)
  32 gnolls
  11 adders
  2 white imps
  3 ufetubi
  3 adder zombies (Ossuary)
  9 worms
  2 dart slugs (D:2)
  71 orcs
  7 ball pythons
  9 endoplasms
  4 giant cockroaches
  20 goblins
  12 hobgoblins
  7 jackals
  2 quokkas
  3 bats
  2 frilled lizards
  3 gnoll zombies (Ossuary)
  3 hobgoblin zombies (Ossuary)
  23 kobolds
  4 kobold zombies (Ossuary)
  5 orc zombies (Ossuary)
  A quokka zombie (D:7)
  10 rats
  A rat zombie (D:7)
775 creatures vanquished.

Vanquished Creatures (others)
  A human (Lair:3)
  A swamp worm (Swamp:1)
  37 foxfires
39 creatures vanquished.

Grand Total: 814 creatures vanquished

Notes
Turn   | Place    | Note
-------+----------+-------------------------------------------
     0 | D:1      | wer000g the Formicid Fighter began the quest for the Orb.
     0 | D:1      | Reached XP level 1. HP: 18/18 MP: 1/1
   220 | D:1      | Reached XP level 2. HP: 24/24 MP: 2/2
   381 | D:1      | Reached XP level 3. HP: 22/30 MP: 3/3
   961 | D:1      | Found a faded altar of an unknown god.
   967 | D:1      | Prayed at the altar of an unknown god.
   967 | D:1      | Became a worshipper of Ignis, the Dying Flame
  1134 | D:2      | Reached XP level 4. HP: 36/36 MP: 4/4
  1698 | D:2      | Reached skill level 5 in Shields
  1945 | D:3      | Reached XP level 5. HP: 31/42 MP: 5/5
  2108 | D:3      | Noticed Robin
  2113 | D:3      | Reached skill level 3 in Axes
  2124 | D:3      | Reached skill level 1 in Throwing
  2126 | D:3      | Killed Robin
  2193 | D:3      | Noticed Terence
  2195 | D:3      | Killed Terence
  2196 | D:3      | Reached XP level 6. HP: 48/48 MP: 6/6
  2434 | D:3      | Found a hide-covered altar of Uskayaw.
  2615 | D:4      | Found a white marble altar of Elyvilon.
  2931 | D:4      | Reached XP level 7. HP: 55/55 MP: 7/7
  3144 | D:4      | Identified the +2 leather armour of the Freezing Gods {rC++
                  | Regen+ Slay+5}
  3386 | D:4      | Identified the +0 leather armour "Amesiext" {Int-2 Dex+3}
  3515 | D:5      | Entered Level 5 of the Dungeon
  3531 | D:4      | Reached skill level 5 in Fighting
  3531 | D:4      | Reached skill level 5 in Armour
  3559 | D:5      | Reached skill level 4 in Axes
  3565 | D:5      | Reached XP level 8. HP: 59/62 MP: 8/8
  3742 | D:5      | Found a staircase to the Ecumenical Temple.
  3752 | Temple   | Entered the Ecumenical Temple
  4146 | D:5      | Found a sacrificial altar of Ru.
  4389 | D:6      | Noticed a yak
  4391 | D:6      | Noticed a yak
  4443 | D:6      | Noticed Dowan
  4462 | D:5      | Reached skill level 5 in Axes
  4488 | D:6      | Reached XP level 9. HP: 27/69 MP: 9/9
  4642 | D:6      | Noticed Duvessa
  4646 | D:6      | Killed Dowan
  4653 | D:6      | Killed Duvessa
  4668 | D:6      | Reached skill level 6 in Axes
  4884 | D:6      | Reached XP level 10. HP: 76/79 MP: 10/10
  4985 | D:6      | Found a shimmering blue altar of Sif Muna.
  4985 | D:6      | Found a basalt altar of Yredelemnul.
  5268 | D:7      | Found a sand-covered staircase.
  5282 | Ossuary  | Entered an ossuary
  5325 | Ossuary  | Reached skill level 1 in Spellcasting
  5527 | D:7      | Reached skill level 10 in Shields
  5733 | D:7      | Reached skill level 7 in Axes
  6090 | D:7      | Noticed a two-headed ogre
  6100 | D:7      | Killed a two-headed ogre
  6294 | D:8      | Reached skill level 8 in Axes
  6311 | D:8      | Found a stormy altar of Qazlal.
  6376 | D:8      | Noticed a two-headed ogre
  6394 | D:8      | Killed a two-headed ogre
  6395 | D:8      | Reached XP level 11. HP: 45/87 MP: 16/16
  6544 | D:8      | Reached skill level 9 in Axes
  6566 | D:8      | Found a glowing golden altar of the Shining One.
  6573 | D:8      | Found a flagged portal.
  6591 | Bailey   | Entered a bailey
  7917 | D:9      | Reached skill level 5 in Spellcasting
  7947 | D:9      | Found a staircase to the Orcish Mines.
  8172 | D:9      | Reached skill level 10 in Axes
  8364 | D:10     | Entered Level 10 of the Dungeon
  8383 | D:10     | Noticed Nergalle
  8644 | D:10     | Noticed a two-headed ogre
  8651 | D:9      | Killed a two-headed ogre
  8652 | D:9      | Reached skill level 5 in Throwing
  8664 | D:10     | Found a staircase to the Lair.
  8948 | D:10     | Killed Nergalle
  9066 | D:10     | Noticed a cyan ugly thing
  9076 | D:10     | Killed a cyan ugly thing
  9122 | D:11     | Reached XP level 12. HP: 97/97 MP: 19/19
  9193 | D:10     | Reached skill level 10 in Fighting
  9313 | D:11     | Reached skill level 11 in Axes
  9398 | D:11     | Noticed Erolcha
  9414 | D:11     | Killed Erolcha
  9427 | D:11     | Identified the +4 scale mail of Honour {-Tele rPois rC+}
  9655 | D:11     | Found a snail-covered altar of Cheibriados.
 10313 | D:12     | Noticed a two-headed ogre
 10325 | D:12     | Killed a two-headed ogre
 10870 | D:12     | Reached skill level 12 in Axes
 10978 | D:12     | Noticed a two-headed ogre
 11129 | D:12     | Killed a two-headed ogre
 11314 | D:12     | Identified a scroll of acquirement
 11319 | D:12     | Acquired a +3 executioner's axe of electrocution
 11576 | D:12     | Noticed a boulder beetle
 11584 | D:12     | Killed a boulder beetle
 11905 | Lair:1   | Entered Level 1 of the Lair of Beasts
 11943 | Lair:1   | Reached XP level 13. HP: 85/106 MP: 20/20
 12165 | Lair:1   | Got Asmodeus's Folio of the Congregated Bonfire
 12357 | Lair:1   | Found a runed translucent gate.
 12358 | Lair:1   | Found a runed translucent gate.
 12358 | Lair:1   | Found a runed translucent gate.
 12362 | Lair:1   | Noticed kalagan's ghost (journeyman DECj)
 12366 | Lair:1   | Noticed a great orb of eyes
 12469 | Lair:1   | Noticed Fannar
 12522 | Lair:1   | Killed Fannar
 12523 | Lair:1   | Reached skill level 13 in Axes
 13059 | Lair:1   | Found a viscous altar of Jiyva.
 13154 | Lair:2   | Noticed Gastronok
 13168 | Lair:2   | Killed Gastronok
 13250 | Lair:2   | Found a transporter.
 13252 | Lair:2   | Noticed Beranek's ghost (journeyman GrFi)
 13580 | Lair:2   | Found a transporter.
 13726 | Lair:2   | Reached skill level 14 in Axes
 13876 | Lair:2   | Identified the +4 falchion of Etoentae {venom, Str+3 Int+3
                  | Dex+3}
 14308 | Lair:3   | Noticed Kirke
 14320 | Lair:3   | Killed Kirke
 14321 | Lair:3   | Reached XP level 14. HP: 94/116 MP: 21/21
 14328 | Lair:3   | Noticed Sonja
 14338 | Lair:3   | Killed Sonja
 14518 | Lair:3   | Reached skill level 10 in Armour
 14666 | Lair:3   | Found a hole to the Spider Nest.
 14903 | Lair:3   | Found a staircase to the Swamp.
 15256 | Lair:3   | Reached skill level 15 in Axes
 15399 | Lair:4   | Identified the amulet "Hyvoun" {RegenMP Harm *Slow Slay+2}
 15505 | Lair:4   | Found a staircase to the Slime Pits.
 15506 | Lair:4   | Found a viscous altar of Jiyva.
 15639 | Lair:4   | Noticed Urug
 15647 | Lair:4   | Killed Urug
 15914 | Lair:4   | You are sucked into a shaft and drop 1 floor!
 15914 | Lair:5   | Entered Level 5 of the Lair of Beasts
 16463 | Lair:5   | Reached XP level 15. HP: 124/124 MP: 22/22
 16482 | Lair:5   | Reached skill level 10 in Throwing
 17214 | Lair:5   | Reached skill level 16 in Axes
 17265 | Lair:5   | Found a large runed translucent door.
 17265 | Lair:5   | Found a large runed translucent door.
 17914 | Orc:1    | Entered Level 1 of the Orcish Mines
 17914 | Orc:1    | Noticed an orc warlord
 17922 | Orc:1    | Killed an orc warlord
 18354 | Orc:1    | Learned a level 1 spell: Slow
 18372 | Orc:2    | Entered Level 2 of the Orcish Mines
 18411 | Orc:2    | Found Ynwuysen's Assorted Antiques.
 18433 | Orc:2    | Found Miajoh's Book Boutique.
 18456 | Orc:1    | Reached skill level 1 in Hexes
 18961 | Orc:1    | HP: 5/125 [two-headed ogre/+0 giant spiked club (9)]
 18961 | Orc:1    | HP: 2/125 [two-headed ogre/+0 giant spiked club (3)]
 19343 | Orc:2    | Found Heimeup's Antique Weapon Shoppe.
 19344 | Orc:2    | Found Fuveo's Jewellery Boutique.
 19354 | Orc:2    | Found Contiez's Antique Armour Emporium.
 19659 | Orc:2    | Found a staircase to the Elven Halls.
 19711 | Orc:2    | Reached XP level 16. HP: 127/133 MP: 23/23
 20045 | Orc:2    | Bought a scroll labelled VEFEXZI ACIBROCVU for 37 gold
                  | pieces
 20045 | Orc:2    | Bought a scroll labelled MOOFAOTUFO for 37 gold pieces
 20045 | Orc:2    | Bought a grey potion for 33 gold pieces
 20254 | D:13     | Got the Discursus on the Numb Bonfire
 20292 | D:13     | Found a portal to a secret trove of treasure.
 20567 | D:13     | Found a gate to the Vaults.
 20590 | D:13     | Learned a level 3 spell: Confusing Touch
 21535 | D:14     | Noticed Azrael
 21557 | D:14     | Killed Azrael
 21869 | D:14     | Reached skill level 5 in Hexes
 21903 | D:14     | Found a runed translucent door.
 21903 | D:14     | Found a shimmering altar of Xom.
 21903 | D:14     | Noticed Nozidakh's ghost (journeyman DECj)
 22258 | D:14     | Identified the +7 great mace of the Valley of Death {chaos,
                  | rElec rC++}
 22282 | D:14     | Killed Nozidakh's ghost
 22544 | D:15     | Entered Level 15 of the Dungeon
 22701 | Orc:2    | Bought an amulet of reflection for 450 gold pieces
 22891 | Swamp:1  | Entered Level 1 of the Swamp
 23457 | Swamp:1  | Noticed a thorn hunter
 23483 | Swamp:1  | Killed a thorn hunter
 23905 | Swamp:1  | Noticed Donald
 23920 | Swamp:1  | Demolished by Donald

Illustrated notes

Levels and vault maps discovered:
D:1:      dpeg_arrival_brainrot, layout_loops_ring,
          hellmonk_ecumenical_altar_leap_of_faith
D:2:      layout_basic, serial_rivers, chequers_serial_rivers_micro_a,
          chequers_serial_rivers_marsh, chequers_serial_rivers_micro_c,
          chequers_serial_rivers_micro_b
D:3:      layout_rooms, nicolae_uskayaw_suspiria, uniq_robin, uniq_terence
D:4:      layout_loops_ring, nicolae_overflow_crystal_walls
D:5:      layout_loops_ring, nicolae_ru_sacrificial_ziggurat,
          minmay_temple_entry_offerings
D:6:      hangedman_cross_stitches, layout_rooms,
          gammafunk_temple_overflow_elements, kennysheep_generic_room_12,
          uniq_duvessa
D:7:      layout_loops_corners, enter_ossuary_4, minmay_gold_behind_fungi
D:8:      layout_loops_ring, nicolae_qazlal_eye_of_the_storm,
          mainiacjoe_overflow_six_doors_small, enter_bailey_5
D:9:      layout_loops_cross, erik_orc_2
D:10:     cheibrodos_helix_gallery, layout_gridville, lair_entry_dummy,
          uniq_nergalle
D:11:     layout_cave_pods, chei_slow_surprise, uniq_erolcha
D:12:     layout_stronghold, lemuel_nasty_fountain
D:13:     layout_loops_ring, skrybe_vaults_entry_preservation, enter_trove_2,
          minivault_25
D:14:     layout_roguey, ebering_ghost_xom, uniq_azrael
D:15:     grunt_enter_depths_hoard, layout_small_grid, serial_park_tiny_2
Temple:   bh_familiar_temple
Lair:1:   layout_layer_cave, gammafunk_ghost_ooze, infiniplex_staircase_pool_2,
          grunt_megastairs_4, lemuel_fruit_tree, uniq_fannar
Lair:2:   layout_hall_layers, gammafunk_ghost_arena, minmay_lair_oklob_items,
          beast_lair_carwin_8, uniq_gastronok
Lair:3:   layout_gridlike, nicolae_swamp_entry_splash_gauntlet,
          nicolae_spider_entry_non_spiders, serial_bayou_pond_e, uniq_sonja,
          uniq_kirke
Lair:4:   layout_hall_layers, minmay_slime_entry_jelly_boxes, serial_forest,
          infiniplex_forest_fountain, infiniplex_forest_lined_corner,
          infiniplex_forest_clump_long, infiniplex_forest_lined_2,
          infiniplex_forest_lined_room_, serial_bayou_ford_a,
          eino_small_chamber_without_monster, uniq_urug
Lair:5:   cheibrodos_lair_end_hotspot, layout_small_grid, patterned_corridor
Swamp:1:  cheibrodos_swamp_tower_of_moss, layout_basic_swamp,
          evilmike_swamp_ruin_wall, infiniplex_staircase_pool, uniq_donald
Orc:1:    layout_caves, nicolae_orc_rockfall
Orc:2:    st_orc_open, layout_caves, serial_shops, nicolae_shop_peninsula

Skill      XL: |  1  2  3  4  5  6  7  8  9 10 11 12 13 14 15 16 |
---------------+-------------------------------------------------+-----
Armour         | 4 5 6 7 8 9 11 12 | 12.7
Shields        | 5 6 7 9 10 11 12 | 12.3
Fighting       | 4 5 6 7 8 9 11 12 13 14 | 14.7
Axes           | 3 4 5 6 8 10 12 14 15 16 | 16.9
Throwing       | 1 2 4 6 7 8 9 10 11 | 11.6
Spellcasting   | 3 5 |  5.0
Hexes          | 3 5 |  5.8

Action                     |  1- 3 |  4- 6 |  7- 9 | 10-12 | 13-15 | 16-18 || total
---------------------------+-------+-------+-------+-------+-------+-------++-------
  Melee: War axe           |    83 |   115 |   143 |       |       |       ||   341
         Battleaxe         |       |       |    21 |   389 |       |       ||   410
         Executioner's axe |       |       |       |    27 |   617 |   267 ||   911
  Throw: Boomerang         |       |    33 |    61 |   267 |   302 |    67 ||   730
 Invoke: Foxfire Swarm     |       |     2 |       |     1 |       |       ||     3
         Fiery Armour      |       |     3 |     2 |     3 |       |       ||     8
         Rising Flame      |       |     1 |       |       |       |       ||     1
Ability: Dig               |     1 |       |       |       |     1 |       ||     2
  Evoke: Wand              |       |       |       |       |       |     4 ||     4
    Use: Scroll            |       |     7 |       |    20 |     2 |     3 ||    32
         Potion            |       |     1 |       |     2 |     6 |       ||     9
   Stab: Fleeing           |       |       |       |       |     1 |       ||     1
 Armour: Scale mail        |    47 |    72 |    10 |    22 |   239 |   130 ||   520
         Leather armour    |       |       |    36 |    68 |       |       ||   104
  Dodge: Dodged            |    51 |    50 |   128 |   270 |   203 |    58 ||   760
  Block: Buckler           |    33 |    37 |    54 |    59 |       |       ||   183
         Kite shield       |       |       |       |   220 |   515 |   244 ||   979
